[Event "*** Titled Tuesday Blitz"]
[Site "Chess.com"]
[Date "2021.02.02"]
[Round "3"]
[White "jacky72"]
[Black "MITerryble"]
[Result "0-1"]
[WhiteElo "2676"]
[BlackElo "2930"]
[TimeControl "180+1"]
[EndTime "10:31:57 PST"]
[Termination "MITerryble won by resignation"]

1. d4 e6 2. c4 Bb4+ 3. Bd2 Qe7 4. Nc3 Nf6 5. e3 O-O 6. Bd3 d6 7. Nf3 e5 8. Be2 e4 9. Nxe4 Bxd2+ 10. Nexd2 Re8 11. O-O a5 12. Bd3 Bg4 13. Qc2 Nc6 14. a3 a4 15. Rfe1 h6 16. h3 Bd7 17. e4 Nh5 18.
Bf1 Nf4 19. Kh2 Qf6 20. Qc3 Re7 21. g3 Ng6 22. Re3 Rae8 23. Rae1 h5 24. Bg2 h4 25. b4 axb3 26. Nxb3 Ra8 27. Nc1 Ree8 28. Nd3 Ra4 29. e5 dxe5 30. dxe5 hxg3+ 31. fxg3 Qe7 32. Nf4 Nxf4 33. gxf4 Rea8 34. Qb2 Na5 35. Nd2 Nxc4 36. Nxc4 Rxc4 37. Qxb7 Rxa3 38. Rxa3 Qxa3 39. Qd5 Be6 40. Qd8+ Qf8 41. Qg5 Qb4 42. Rd1 Rd4 43. Ra1 Bd5 44. Bxd5 Qb2+ 45. Kg3 Rd3+ 46. Bf3 Qxa1 47. Qf5 Qg1+ 48.
Kh4 Rxf3 49. Qc8+ Kh7 50. Qf5+ Qg6 51. Qxg6+ Kxg6 52. Kg4 Rf1 0-1

[Event "*** Titled Tuesday Blitz"]
[Site "Chess.com"]
[Date "2021.02.02"]
[Round "3"]
[White "Lagmantr"]
[Black "Hongjin"]
[Result "1-0"]
[WhiteElo "2762"]
[BlackElo "2499"]
[TimeControl "180+1"]
[EndTime "10:31:57 PST"]
[Termination "Lagmantr won by resignation"]

1. Nf3 d5 2. c4 e6 3. g3 Nf6 4. Bg2 Be7 5. O-O O-O 6. b3 d4 7. Bb2 Nc6 8. e3 e5 9. exd4 exd4 10. d3 a5 11. a3 Re8 12. Nbd2 Bg4 13. Re1 Qd7 14. Ne4 Nxe4 15. Rxe4 Bf6 16. Qd2 Bf5 17. Rxe8+ Rxe8 18. b4 axb4 19. axb4 Bg6 20. b5 Nd8 21. h3 c6 22. b6 Ne6 23. Re1 Bd8 24.
Nxd4 Bxb6 25. Nxe6 Rxe6 26. d4 h6 27. Rxe6 Qxe6 28.
Qb4 Bd8 29. d5 Qe2 30. dxc6 bxc6 31. Bxc6 Bg5 32. c5 Bd3 33. Bg2 Qc2 34. Qc3 Qb1+ 35. Kh2 Bf6 36. Qb3 Bxb2 37. c6 Be5 38. Qd5 Bc7 39. Qd7 Be5 40. Qe8+ Kh7 41. Qxe5 Qb6 42. c7 Qa6 43. Be4+ Bxe4 44. Qxe4+ g6 45. Qe7 Kg7 46. Qe5+ Kh7 47. Qd5 Kg7 48. Qc5 Qf6 49. c8=Q 1-0

[Event "*** Titled Tuesday Blitz"]
[Site "Chess.com"]
[Date "2021.02.02"]
[Round "3"]
[White "Alexsur1981"]
[Black "CheckThis4"]
[Result "1-0"]
[WhiteElo "2842"]
[BlackElo "2576"]
[TimeControl "180+1"]
[EndTime "10:31:57 PST"]
[Termination "Alexsur1981 won by checkmate"]

1. e4 c5 2. Nc3 Nc6 3. Bb5 Nd4 4.
Nf3 Nxb5 5. Nxb5 d6 6. d4 a6 7.
Nc3 cxd4 8. Qxd4 e5 9. Qd3 h6 10. Nd2 Be6 11. Nc4 Nf6 12. Ne3 Be7 13. O-O O-O 14.
Ncd5 Rc8 15. c3 Nd7 16. Rd1 Bg5 17. Nf5 Nc5 18. Qf3 Bxf5 19. Qxf5 Ne6 20. Bxg5 hxg5 21. g3 g6 22. Qf3 Kg7 23. Rd2 f5 24. Rad1 g4 25.
Qe2 Ng5 26. exf5 Nf3+ 27. Kg2 Nxd2 28. f6+ Rxf6 29. Nxf6 Qxf6 30. Rxd2 Qe6 31. Qd3 Rd8 32. c4 Rd7 33. b3 Qf5 34. Qd5 e4 35. Qd4+ Kh7 36.
Kg1 Qf3 37. Qe3 Kg7 38. Rd4 Rf7 39. Rxe4 Qd1+ 40. Kg2 Rf3 41. Qe2 Qc1 42. Rxg4 Rf7 43. Re4 Qb1 44. Re7 Qf5 45. Rxf7+ Qxf7 46. h4 b5 47. Qd3 Qb7+ 48. Qd5 Qe7 49. cxb5 axb5 50. a4 bxa4 51. bxa4 Qe2 52. a5 Kh6 53. Qxd6 Qe4+ 54. Kh2 Qe2 55. Qf8+ Kh7 56. Qf7+ Kh6 57. Qf4+ Kh7 58.
Qf6 Kh6 59. Qh8# 1-0

[Event "*** Titled Tuesday Blitz"]
[Site "Chess.com"]
[Date "2021.02.02"]
[Round "3"]
[White "Vnebo"]
[Black "amatatanav"]
[Result "1-0"]
[WhiteElo "2731"]
[BlackElo "2439"]
[TimeControl "180+1"]
[EndTime "10:31:58 PST"]
[Termination "Vnebo won on time"]

1. c4 e6 2. g3 d5 3. Nf3 Nf6 4.
Bg2 Be7 5. O-O O-O 6. d4 Nbd7 7.
Qc2 c6 8. b3 b6 9. Rd1 Ba6 10.
Nbd2 Rc8 11. e4 c5 12. e5 Ne8 13. cxd5 cxd4 14. Qb2 exd5 15. Qxd4 Nc7 16. Bb2 Nc5 17. Nf1 N7e6 18. Qxd5 Nd3 19. Qxd8 Rfxd8 20. Bc1 Rc2 21. Be3 g5 22. Ne1 Nxe1 23. Rxe1 g4 24. Be4 Bd3 25. Bxd3 Rxd3 26. Rec1 Rxc1 27. Rxc1 Bc5 28.
Kg2 a5 29. h3 h5 30. hxg4 hxg4 31. Rc4 Bxe3 32. Nxe3 Rd2 33. Rc2 Rxc2 34. Nxc2 Kg7 35. Ne3 Nc5 36. Nxg4 Nd3 37. f4 Nc1 38. a3 Nxb3 39. Ne3 Nd2 40. Kf2 Nb1 41. Nc4 b5 42. Nxa5 Nxa3 43. Nb3 Kg6 44. g4 Nc4 45. Nd4 b4 46.
Kf3 Nd2+ 47. Ke3 Nf1+ 48. Ke2 Nh2 49. g5 1-0

[Event "*** Titled Tuesday Blitz"]
[Site "Chess.com"]
[Date "2021.02.02"]
[Round "3"]
[White "TwentyHourADay"]
[Black "svilson23"]
[Result "0-1"]
[WhiteElo "2483"]
[BlackElo "2269"]
[TimeControl "180+1"]
[EndTime "10:31:58 PST"]
[Termination "svilson23 won by resignation"]

1. Nf3 Nf6 2. d4 e6 3. Bf4 d6 4. e3 b6 5. h3 Bb7 6. Be2 Nbd7 7. O-O h6 8. Bh2 g5 9. a4 a5 10. Na3 Bg7 11. c3 Ne4 12. Nb5 Ndf6 13. Ne1 Nd7 14. f3 Nef6 15. Bd3 O-O 16. Qc2 e5 17. e4 Qe7 18. Nxc7 Rac8 19. Nb5 exd4 20. Nxd4 d5 21. Nf5 Qc5+ 22. Kh1 dxe4 23. fxe4 Ne5 24. Nxg7 Kxg7 25. Rf5 Rce8 26. Nf3 Nfd7 27. Rf1 f6 28. Nxe5 Nxe5 29.
Bxe5 Rxe5 30. Rxe5 Qxe5 31. Rf5 Qd6 32. Qe2 Rd8 33.
Rf3 Re8 34. Re3 Re5 35. Rf3 Qe7 36. Rf5 Re6 37. e5 Rxe5 38. Rxe5 Qxe5 39. Qxe5 fxe5 40. Kg1 e4 41. Bc4 Kf6 42. Kf2 e3+ 43. Kf1 Ke5 44. g3 h5 45. Ke2 h4 46. gxh4 gxh4 47.
Kxe3 Bg2 48. b4 Bxh3 49. bxa5 bxa5 50. Ba6 Bd7 51. Bb5 Be6 52. c4 h3 53. Kf2 Kd4 54. Kg3 Bxc4 55. Be8 Be6 0-1

[Event "*** Titled Tuesday Blitz"]
[Site "Chess.com"]
[Date "2021.02.02"]
[Round "3"]
[White "jefferyx"]
[Black "ftorodent"]
[Result "1-0"]
[WhiteElo "2972"]
[BlackElo "2701"]
[TimeControl "180+1"]
[EndTime "10:31:59 PST"]
[Termination "jefferyx won on time"]

1. e4 e6 2. d4 d5 3. exd5 exd5 4. Nf3 Nf6 5. Bd3 Bd6 6. Qe2+ Qe7 7. Qxe7+ Bxe7 8.
Bf4 c6 9. O-O O-O 10. Re1 Re8 11. Nbd2 Nbd7 12. h3 Nf8 13. a4 a5 14. Nb3 Ne6 15. Bh2 g6 16. Re3 Ng7 17. Rae1 Bb4 18. c3 Rxe3 19. Rxe3 Bf8 20. Bc7 Bf5 21. Bxa5 Bxd3 22.
Rxd3 Ne4 23. Ne5 Nd6 24. Nd7 Nc4 25. Bc7 Ne6 26. Be5 Bg7 27. a5 Nxa5 28. Nxa5 Rxa5 29. Rf3 Ra2 30. b4 Rc2 31. h4 h5 32. Re3 Bh6 33.
Rf3 Bg7 34. Kh2 Nf8 35. Nc5 Bxe5+ 36. dxe5 b6 37. Nb7 Nd7 38. Re3 Kf8 39. Nd8 c5 40. bxc5 bxc5 41. e6 fxe6 42. Nxe6+ Kf7 43. Kg3 Nf6 44.
Nxc5 d4 45. cxd4 Ng4 46. Rf3+ Ke7 47. Ne4 Ke6 48. Kf4 Kd5 49. Rc3 Re2 50. f3 Nf2 51. Nxf2 Rxf2 52. Rc5+ Kxd4 53. Rg5 1-0

[Event "*** Titled Tuesday Blitz"]
[Site "Chess.com"]
[Date "2021.02.02"]
[Round "3"]
[White "dretch"]
[Black "Iskusnyh"]
[Result "1-0"]
[WhiteElo "2849"]
[BlackElo "2619"]
[TimeControl "180+1"]
[EndTime "10:31:59 PST"]
[Termination "dretch won on time"]

1. d4 d5 2. c4 c6 3. Nc3 Nf6 4. e3 e6 5. Bd3 a6 6. b3 c5 7. Nf3 Nc6 8. O-O cxd4 9. exd4 dxc4 10. bxc4 Nxd4 11. Nxd4 Qxd4 12. Bb2 Qh4 13. Qe2 Bd6 14.
g3 Qh3 15. Ne4 Be7 16. Nxf6+ gxf6 17. Be4 h5 18. Bg2 Qg4 19. Bf3 Qg5 20. h4 Qf5 21. Rab1 Rg8 22. Kh2 Bd6 23. Rbd1 Be5 24. Bxe5 Qxe5 25.
Qd2 Qc7 26. Rb1 Rb8 27. Bxh5 Rh8 28. Qe2 Bd7 29. Kg2 Ke7 30. Bf3 Bc6 31. Rfd1 Bxf3+ 32. Qxf3 Rhd8 33. Rxd8 Qxd8 34. Rxb7+ Kf8 35. Rxb8 Qxb8 36.
Qxf6 Qb7+ 37. Kh2 Qb6 38. Qf4 Qc5 39. Kh3 Qa3 40. Qb8+ Kg7 41. Qe5+ Kg8 42. Qe2 Qc3 43. Kg2 Qa1 44. Qg4+ Kf8 45. Qe2 Qc1 46. h5 a5 47.
Qe5 a4 48. Qb8+ Kg7 49. Qe5+ Kf8 50. Qf6 1-0

[Event "*** Titled Tuesday Blitz"]
[Site "Chess.com"]
[Date "2021.02.02"]
[Round "3"]
[White "mjray79"]
[Black "joshdaruca"]
[Result "0-1"]
[WhiteElo "2507"]
[BlackElo "2740"]
[TimeControl "180+1"]
[EndTime "10:31:59 PST"]
[Termination "joshdaruca won by checkmate"]

1. d4 Nf6 2. c4 e6 3. g3 d5 4. Bg2 Bb4+ 5. Bd2 Be7 6. Nf3 O-O 7. O-O c6 8. Qc2 Nbd7 9. Bg5 b5 10. b3 bxc4 11.
bxc4 Ba6 12. Nbd2 Rb8 13. Qa4 Rb6 14. c5 Bb5 15. Qxa7 Ra6 16. Qb7 Ra4 17. Rfb1 h6 18.
Bxf6 Bxf6 19. e3 Qc8 20. Qxc8 Rxc8 21. Bf1 Bxf1 22. Kxf1 Rca8 23. Rb2 Nxc5 24. Rc2 Nd7 25. Rxc6 Rxa2 26. Rxa2 Rxa2 27. Rc8+ Nf8 28. Nb3 g5 29.
Nc5 Kg7 30. g4 Ra7 31. Nd3 Ng6 32. Kg2 Ra3 33. Nc5 Be7 34. Rc7 Bxc5 35. Rxc5 Ra7 36. Kg3 Rd7 37. Rb5 f5 38. Rb6 f4+ 39. Kg2 Kf6 40. h4 fxe3 41. hxg5+ hxg5 42. fxe3 Rc7 43. Kg3 Rc3 44. Kf2 Rc2+ 45. Kg3 Re2 46. Rb3 Ne7 47. Ng1 Rc2 48. Kf3 Nc8 49. Nh3 Nd6 50. Nf2 Nc4 51. Rd3 Nd2+ 52. Kg3 Nf1+ 53. Kf3 Nd2+ 54. Kg3 e5 55. dxe5+ Kxe5 56. Ra3 Nc4 57. Rd3 Re2 58. Kf3 Re1 59. Rc3 Nd2+ 60. Kg3 Rg1+ 61. Kh2 Rf1 62.
Kg2 Rxf2+ 63. Kxf2 Ne4+ 64. Ke2 Nxc3+ 65. Kd3 Ne4 66. Ke2 Nf6 67. Kf3 Ke6 68. Kg3 Kd6 69. Kf3 Ke5 70. Kg3 Ke4 71. Kf2 Nxg4+ 72. Ke2 Ne5 73. Kd2 g4 74. Ke2 g3 75. Kf1 Kf3 76.
Kg1 Kxe3 77. Kg2 Kf4 78. Kh3 d4 79. Kh4 g2 80. Kh5 g1=Q 81. Kh6 Qg6# 0-1

[Event "*** Titled Tuesday Blitz"]
[Site "Chess.com"]
[Date "2021.02.02"]
[Round "3"]
[White "louis198"]
[Black "ChessFighter1975"]
[Result "0-1"]
[WhiteElo "2590"]
[BlackElo "2422"]
[TimeControl "180+1"]
[EndTime "10:31:59 PST"]
[Termination "ChessFighter1975 won on time"]

1. d4 d6 2. c4 Nf6 3. Nc3 g6 4. e4 Bg7 5. Nf3 O-O 6. Be2 Na6 7.
O-O e5 8. dxe5 dxe5 9. Qxd8 Rxd8 10. Bg5 c6 11. Rfd1 Bg4 12. Rxd8+ Rxd8 13. Nxe5 Bxe2 14. Nxe2 h6 15. Bxf6 Bxf6 16. Nf3 Bxb2 17. Rb1 Bg7 18. Ng3 Nc5 19. h4 Rd3 20. h5 Ra3 21. hxg6 fxg6 22. e5 Rxa2 23. Rd1 a5 24. Nh4 Kf7 25. f4 a4 26. Rd6 a3 27. Rxg6 Ra1+ 28. Kh2 a2 29.
Ngf5 Bf8 30. Rf6+ Ke8 31. Ng6 Nd7 32. Re6+ Kd8 33. Nxf8 Nxf8 34. Rf6 Nd7 35. Rd6 Kc7 36. e6 Nf6 37. e7 Re1 38. Rxf6 a1=Q 39. Rf8 Rxe7 40.
Nxe7 Kb6 41. Nc8+ Kc7 42. Ne7 Qa3 43. Rf7 Kb6 44. f5 Qe3 45. f6 Qf4+ 46. Kh3 h5 47. Nc8+ Kc5 48. Ne7 Qg4+ 49. Kh2 h4 50. Kh1 h3 51. gxh3 Qxh3+ 52. Kg1 Qg3+ 53. Kf1 Qf4+ 54. Ke1 Qxc4 55. Rf8 Qc3+ 56. Ke2 Qe5+ 57. Kf3 b5 58. Ng6 Qf5+ 59. Nf4 b4 60. Ke3 b3 61.
Nd3+ Kc4 62. Nb2+ Kc3 63. Na4+ Kc2 64. f7 c5 65. Nxc5 Qxc5+ 0-1

[Event "*** Titled Tuesday Blitz"]
[Site "Chess.com"]
[Date "2021.02.02"]
[Round "3"]
[White "manipun1"]
[Black "SCIM"]
[Result "1-0"]
[WhiteElo "2250"]
[BlackElo "2409"]
[TimeControl "180+1"]
[EndTime "10:31:59 PST"]
[Termination "manipun1 won on time"]

1. e4 c5 2. Nf3 e6 3. c4 Nc6 4. Nc3 Nf6 5. Be2 Be7 6. d4 cxd4 7. Nxd4 O-O 8. Be3 a6 9. O-O Qc7 10. Rc1 Nxd4 11. Qxd4 d6 12. f3 e5 13. Qd3 Be6 14.
Nd5 Bxd5 15. cxd5 Qa5 16. Qa3 Qxa3 17. bxa3 Rac8 18. Kf2 Nd7 19. a4 Nc5 20. a5 Rc7 21. Bxc5 dxc5 22. Bc4 Rd8 23. Rb1 Bg5 24. Ke2 Kf8 25.
Rb3 Ke7 26. Rfb1 Rdd7 27. Rb6 Kd8 28. d6 Rc8 29. Bd5 c4 30. R1b2 c3 31. Rc2 Rc5 32.
Bxb7 Bd2 33. Bxa6 Ra7 34. Kd3 Rxa5 35. Bc4 Rc5 36. Bd5 Kd7 37. g3 f6 38. h4 h6 39.
g4 g5 40. h5 Rca5 41. Bc4 Rc5 42. Bb5+ Kd8 43. a4 Ra8 44. d7 Rc7 45. Rxf6 Rxd7+ 46. Bxd7 Kxd7 47. Rxh6 Ke7 48. Rc6 Rd8+ 49. Ke2 Rb8 50.
Rxd2 cxd2 51. Kxd2 1-0

[Event "*** Titled Tuesday Blitz"]
[Site "Chess.com"]
[Date "2021.02.02"]
[Round "3"]
[White "Chessmasterzt"]
[Black "KuzubovYuriy"]
[Result "1/2-1/2"]
[WhiteElo "2624"]
[BlackElo "2839"]
[TimeControl "180+1"]
[EndTime "10:32:00 PST"]
[Termination "Game drawn - insufficient material"]

1. d4 Nf6 2. c4 e6 3. g3 d5 4. Bg2 Bb4+ 5. Nd2 O-O 6. Nf3 b6 7. O-O Bb7 8. Ne5 Nbd7 9. Qa4 Bd6 10. Nxd7 Qxd7 11. Qxd7 Nxd7 12. cxd5 Bxd5 13. Ne4 Be7 14. Bf4 Rac8 15. Rfc1 f5 16. Ng5 Bxg2 17. Kxg2 Bxg5 18. Bxg5 h6 19. Bf4 c5 20. dxc5 Nxc5 21. Bd6 Rfd8 22. Bxc5 Rxc5 23. Rxc5 bxc5 24. Rc1 Rd2 25. Rxc5 Rxb2 26.
Ra5 Rxe2 27. Kf3 Rb2 28. Rxa7 e5 29. h4 h5 30. Ra5 Kh7 31. Rxe5 Rxa2 32. Rxf5 g6 33.
Rf7+ Kg8 34. Rb7 Ra4 35. Rc7 Rb4 36. Rd7 Ra4 37. Rd8+ Kg7 38. Rd7+ Kf6 39. Rd6+ Kg7 40. Re6 Kf7 41. Re4 Ra2 42. Ke3 Kf6 43. f3 Ra3+ 44. Kf4 Ra6 45. Rb4 Rc6 46. Ke4 Re6+ 47. Kf4 Rc6 48. g4 hxg4 49. fxg4 g5+ 50. hxg5+ Kg6 51. Re4 Ra6 52. Rd4 Rb6 53. Rd5 Rb4+ 54. Kg3 Rb1 55. Rf5 Rg1+ 56. Kf3 Rf1+ 57. Kg3 Rxf5 58. gxf5+ Kxg5 59. f6 Kxf6 1/2-1/2

[Event "*** Titled Tuesday Blitz"]
[Site "Chess.com"]
[Date "2021.02.02"]
[Round "3"]
[White "leoduarte"]
[Black "StockholmMissile"]
[Result "0-1"]
[WhiteElo "2339"]
[BlackElo "2524"]
[TimeControl "180+1"]
[EndTime "10:32:01 PST"]
[Termination "StockholmMissile won on time"]

1. e4 e5 2. Nf3 Nc6 3. d4 exd4 4. Nxd4 Bc5 5. Be3 Qf6 6. c3 Nge7 7. Bb5 Bb6 8. O-O O-O 9. a4 d6 10. Qd2 Qg6 11. f3 f5 12. exf5 Nxf5 13. Nxf5 Bxf5 14.
Bxb6 axb6 15. Na3 Ne5 16. Nc4 Nxc4 17. Bxc4+ Kh8 18. Rfe1 Rfe8 19. Bd5 c6 20. Bb3 h6 21. Rxe8+ Rxe8 22. Re1 d5 23. Kf2 Rxe1 24. Qxe1 Qg5 25. Qe3 Qh4+ 26. Kg1 Bg6 27. g3 Qf6 28. Kf2 Qd8 29.
Qe5 Kh7 30. f4 Qd7 31. Qd4 Qh3 32. Kg1 Be4 33. Qf2 c5 34. Bc2 Qg4 35. Bxe4+ dxe4 36. Kg2 Qd1 37. Qe3 Qxa4 38. g4 Qc2+ 39. Kg3 Qd3 40. Qxd3 exd3 41. Kf3 c4 42. Ke3 Kg6 43. h4 h5 0-1

[Event "*** Titled Tuesday Blitz"]
[Site "Chess.com"]
[Date "2021.02.02"]
[Round "3"]
[White "nikitadovbnya2008"]
[Black "Piotrek1979"]
[Result "1-0"]
[WhiteElo "2140"]
[BlackElo "2327"]
[TimeControl "180+1"]
[EndTime "10:32:01 PST"]
[Termination "nikitadovbnya2008 won by checkmate"]

1. Nf3 c5 2. c4 Nc6 3. Nc3 Nf6 4.
e3 g6 5. d4 cxd4 6. exd4 d5 7.
cxd5 Nxd5 8. Bc4 Nxc3 9. bxc3 Bg7 10. O-O O-O 11. Re1 b6 12. Bg5 Re8 13. Bf4 Bb7 14.
Bxf7+ Kxf7 15. Ng5+ Kg8 16. Qb3+ e6 17. Rxe6 Rf8 18. Re8+ Kh8 19. Rxd8 Nxd8 20. Be5 h6 21. Bxg7+ Kxg7 22. Ne6+ Nxe6 23. Qxe6 Rf7 24. Qe5+ Kh7 25.
Re1 Raf8 26. f3 Ba6 27. d5 Bc4 28. d6 b5 29. Rd1 Rd7 30. a3 Rfd8 31. Qc5 a5 32.
Qb6 a4 33. Rd4 Kg7 34. Kf2 h5 35. h4 Kf6 36. g4 Ke6 37. gxh5 gxh5 38. Re4+ Kf7 39.
Qc5 Rxd6 40. Qf5+ Rf6 41. Qh7+ Kf8 42. Qe7+ Kg8 43. Qxd8+ Rf8 44. Qg5+ Kf7 45. Rf4+ Ke8 46. Qe5+ Kd7 47. Rxf8 Kc6 48. Rc8+ Kb7 49. Qc7+ Ka6 50.
Ra8# 1-0

[Event "*** Titled Tuesday Blitz"]
[Site "Chess.com"]
[Date "2021.02.02"]
[Round "3"]
[White "Jungle_Jaguar"]
[Black "federicosellitti"]
[Result "0-1"]
[WhiteElo "2601"]
[BlackElo "2431"]
[TimeControl "180+1"]
[EndTime "10:32:02 PST"]
[Termination "federicosellitti won by resignation"]

1. b3 d6 2. Bb2 e5 3. Nf3 Nc6 4. e3 f5 5. d4 e4 6. d5 exf3 7. dxc6 bxc6 8. Qxf3 Bd7 9. Qh5+ g6 10. Qf3 Nf6 11.
g4 Bg7 12. gxf5 O-O 13. fxg6 hxg6 14. Qg3 Ng4 15. Bxg7 Kxg7 16. Be2 Nxf2 17. Rf1 Ne4 18. Rxf8 Qxf8 19. Qg2 Re8 20. Nd2 Qf6 21. Rd1 Nc3 22. Nc4 Nxd1 23. Kxd1 d5 24. Na5 Rxe3 25. Bd3 Rxd3+ 26.
cxd3 Qa1+ 27. Ke2 Qxa2+ 28. Kf3 Qxa5 29. Qb2+ Kf7 30. Qe5 Qc5 31. Qxc7 Qe7 32. Kg3 Qg5+ 33. Kf2 Qf5+ 34. Kg3 g5 35. Qxa7 Kg6 36. Qc7 Qf4+ 37. Qxf4 gxf4+ 38. Kxf4 Kf6 39. d4 Bf5 40. b4 Bd3 41. h4 Bb5 42. Kg4 Kg6 43. h5+ Kh6 44.
Kh4 Be2 45. Kg3 Bxh5 46. Kf4 Be2 47. Ke5 Bb5 48. Kf6 Kh5 49. Kf5 Ba4 50. Kf4 Kg6 51. Ke5 Kg5 52. Kd6 Kf4 53. b5 Bxb5 54. Kc5 Ke4 55.
Kb4 Kxd4 56. Ka5 Kc4 57. Kb6 d4 58. Ka5 d3 59. Kb6 d2 60. Ka5 0-1

[Event "*** Titled Tuesday Blitz"]
[Site "Chess.com"]
[Date "2021.02.02"]
[Round "3"]
[White "AustrianFalcon"]
[Black "VladimirBugayev"]
[Result "1-0"]
[WhiteElo "2494"]
[BlackElo "2236"]
[TimeControl "180+1"]
[EndTime "10:32:02 PST"]
[Termination "AustrianFalcon won on time"]

1. e4 c6 2. d4 d5 3. e5 Bf5 4. Nd2 e6 5. Ne2 Bb4 6. c3 Ba5 7. Ng3 Ne7 8. Nxf5 Nxf5 9. Bd3 g6 10. Nf3 h6 11. h4 Nd7 12. b4 Bc7 13. g4 Ng7 14. h5 g5 15. Be3 Qe7 16. Nd2 O-O-O 17.
a4 f6 18. exf6 Qxf6 19. Qf3 Qe7 20. Qe2 e5 21. dxe5 Nxe5 22. O-O-O Nxd3+ 23. Qxd3 Kb8 24. Rhe1 Qd7 25. a5 Qxg4 26. Bd4 Rhg8 27. Re7 Nf5 28.
Bxa7+ Kc8 29. Rf7 Nd6 30. Re7 Rde8 31. Rde1 Ne4 32. Rxe8+ Rxe8 33. Bb6 Bf4 34. Be3 Bxe3 35. Rxe3 Qf4 36. Nxe4 dxe4 37. Qd2 Rd8 38. Qe2 Qf7 39. Kb2 Qd7 40. Rxe4 Qd2+ 41. Qxd2 Rxd2+ 42. Kb3 Rxf2 43. Re6 Rh2 44. Rxh6 g4 45. Rg6 Rxh5 46. Rxg4 Kb8 47. Rg6 Ka7 48. c4 Rf5 49. Ka4 Rf4 50. c5 Re4 51. Rg8 Rh4 52. a6 1-0

[Event "*** Titled Tuesday Blitz"]
[Site "Chess.com"]
[Date "2021.02.02"]
[Round "3"]
[White "Vaathi_Coming"]
[Black "Vesper2018"]
[Result "1-0"]
[WhiteElo "2840"]
[BlackElo "2613"]
[TimeControl "180+1"]
[EndTime "10:32:04 PST"]
[Termination "Vaathi_Coming won on time"]

1. e4 c5 2. Nf3 d6 3. d4 cxd4 4. Nxd4 Nf6 5. Nc3 a6 6. Be2 e5 7. Nb3 Be7 8. Be3 O-O 9. g4 Be6 10. g5 Ne8 11. h4 Nc7 12. Bf3 Nd7 13. Qd2 a5 14. a4 Bc4 15. Be2 Be6 16. h5 Nc5 17.
Nxc5 dxc5 18. O-O-O Qxd2+ 19. Rxd2 b6 20. f4 exf4 21. Bxf4 Na6 22. Nd5 Bd8 23. c3 c4 24.
Bxc4 Nc5 25. Re1 Re8 26. b3 Bf5 27. e5 Be6 28. Kb2 Be7 29. Bb5 Bxd5 30. Bxe8 Bxb3 31. Bb5 Bxa4 32. Bxa4 Nxa4+ 33. Kb3 b5 34. Be3 Rc8 35. Rd3 f6 36. exf6 gxf6 37. Bd4 Bc5 38. Bxf6 Bf8 39. Rd7 Nc5+ 40. Kc2 Nxd7 41. Bd4 b4 42. g6 bxc3 43. Rf1 Bg7 44. Bxg7 Kxg7 45. Rf7+ Kh6 46. Rxh7+ Kg5 47. g7 Nf6 48. Rh8 Rb8 49. Rxb8 1-0

[Event "*** Titled Tuesday Blitz"]
[Site "Chess.com"]
[Date "2021.02.02"]
[Round "3"]
[White "Larciano"]
[Black "anon569"]
[Result "0-1"]
[WhiteElo "1686"]
[BlackElo "2281"]
[TimeControl "180+1"]
[EndTime "10:32:06 PST"]
[Termination "anon569 won by resignation"]

1. e4 c5 2. c3 g6 3. d4 cxd4 4. cxd4 d5 5. exd5 Nf6 6. Nc3 Bg7 7. Qb3 O-O 8. Be2 Nbd7 9. Bf3 Nb6 10. Nge2 Bg4 11. Bxg4 Nxg4 12. O-O Nf6 13. Bg5 Nfxd5 14. Nxd5 Qxd5 15. Qxd5 Nxd5 16. Nc3 Nxc3 17. bxc3 e6 18. Rab1 b6 19. a4 Rac8 20. Rb3 Rc4 21. Ra1 Rfc8 22.
Bd2 e5 23. a5 exd4 24. cxd4 Bxd4 25. Rab1 f5 26. g3 Kf7 27. axb6 Bxb6 28. Be3 Bxe3 29. Rxe3 R8c7 30. Kg2 Rd4 31. Rb8 Rd2 32. h4 Kg7 33. Ra8 Ra2 34. Rf3 a5 35. h5 a4 36.
hxg6 hxg6 37. Rd3 Rb7 38. Rdd8 Rbb2 39. Rg8+ Kf6 40. Ra6+ Ke5 41. Re8+ Kd5 42. Rd8+ Kc5 43. Kg1 Rxf2 44. Rc8+ Kb5 45. Rxg6 Rfd2 46. Re8 Ra1+ 0-1

[Event "*** Titled Tuesday Blitz"]
[Site "Chess.com"]
[Date "2021.02.02"]
[Round "3"]
[White "boasovietica"]
[Black "Andrakhanova"]
[Result "1-0"]
[WhiteElo "2505"]
[BlackElo "2265"]
[TimeControl "180+1"]
[EndTime "10:32:08 PST"]
[Termination "boasovietica won by resignation"]

1. e4 c5 2. Nf3 e6 3. d4 cxd4 4. Nxd4 Nf6 5. Nc3 Nc6 6. Nb3 Bb4 7. Bd3 d5 8. exd5 Nxd5 9. Bd2 Nxc3 10. bxc3 Be7 11.
O-O O-O 12. Re1 f5 13. Bc4 Qd6 14. Be3 Ne5 15. Bf1 Ng4 16. Qxd6 Bxd6 17. Bc5 Bxh2+ 18. Kh1 Rf6 19. f3 Rh6 20. fxg4 Be5+ 21. Kg1 Bxc3 22. gxf5 Bxa1 23. Nxa1 b6 24. Ba3 Rf6 25. Bc4 Kf7 26. g4 h5 27. fxe6+ Bxe6 28. Rxe6 Rxe6 29. gxh5 Rh8 30.
Nb3 Kf6 31. Bb2+ Kf5 32. Nd4+ Ke4 33. Nxe6 Rxh5 34. Nxg7 Rg5+ 35. Kf2 b5 36. Bd3+ Kd5 37. Nf5 Kc5 38. Ne3 a5 39. Ke2 Rh5 40. Bf6 Rh2+ 41.
Kd1 b4 42. Kc1 a4 43. Kb2 Rh1 44. Be7+ Kd4 45. Nf5+ Ke5 46. Bxb4 Rh2 47. Bc3+ Kd5 48. Ne3+ Kc5 49. Nc4 Rh4 50. Ka3 Rh8 51. Bxh8 1-0

[Event "*** Titled Tuesday Blitz"]
[Site "Chess.com"]
[Date "2021.02.02"]
[Round "3"]
[White "tigra"]
[Black "Kovalchuk94"]
[Result "1-0"]
[WhiteElo "2874"]
[BlackElo "2633"]
[TimeControl "180+1"]
[EndTime "10:32:09 PST"]
[Termination "tigra won on time"]

1. e4 e5 2. Nf3 Nf6 3. g3 Nxe4 4. Qe2 Nf6 5. Qxe5+ Be7 6. Bg2 Nc6 7. Qc3 O-O 8.
O-O d5 9. d4 Ne4 10. Qb3 Bf5 11. Qxb7 Nb4 12. Ne1 Rb8 13. Qxa7 Ra8 14. Qb7 Qd7 15.
Bf4 Rfc8 16. a3 Rab8 17. Qxc8+ Rxc8 18. axb4 Bxb4 19. Nd3 Bd6 20. Ra7 Qb5 21. Bxd6 Nxd6 22. Nc3 Qb6 23. Rfa1 Bxd3 24. Nxd5 Qxb2 25. Ne7+ Kf8 26.
Nxc8 Nxc8 27. R7a2 Qxd4 28. cxd3 Nd6 29. Re1 g6 30.
Re3 Qb4 31. Bf1 Nf5 32. Rf3 h5 33. Rf4 Qd6 34. h4 Nd4 35. Ra4 Ne6 36. Rf3 Nc5 37.
Raf4 f5 38. Rc4 Ne6 39. Re3 Nd4 40. Bg2 Kf7 41. Ra4 Kf6 42. Ra8 Nc2 43. Ree8 Qxd3 44.
Rf8+ Kg7 45. Rg8+ Kf7 46. Rad8 Nd4 47. Bd5+ Ke7 48. Rge8+ Kf6 49. Rf8+ Ke7 50. Kg2 Qc3 51. Rfe8+ Kf6 52. Rd7 g5 53. Rf7+ Kg6 54. Rg8+ 1-0

[Event "*** Titled Tuesday Blitz"]
[Site "Chess.com"]
[Date "2021.02.02"]
[Round "3"]
[White "Demeter39"]
[Black "nocnypako"]
[Result "1/2-1/2"]
[WhiteElo "2400"]
[BlackElo "2577"]
[TimeControl "180+1"]
[EndTime "10:32:09 PST"]
[Termination "Game drawn - insufficient material"]

1. Nf3 Nf6 2. c4 g6 3. b3 Bg7 4. Bb2 O-O 5. g3 d5 6. cxd5 Nxd5 7. Bxg7 Kxg7 8. Bg2 c5 9. O-O Nc6 10. d4 cxd4 11. Nxd4 Nxd4 12. Qxd4+ Nf6 13. Rd1 Qxd4 14. Rxd4 Rb8 15. Nc3 Be6 16. Nb5 a6 17. Nc7 Rfc8 18. Nxe6+ fxe6 19. Bh3 Kf7 20. e4 Rc5 21. Rad1 e5 22.
Rb4 b5 23. a4 a5 24. Rxb5 Rcxb5 25. axb5 Rxb5 26. Bf1 Rb4 27. Bc4+ Kg7 28. f3 a4 29. Rd3 Ne8 30. Bd5 axb3 31. Rxb3 Rxb3 32. Bxb3 Kf6 33. Kf2 Nd6 34. Ke3 g5 35. Ba4 Nc4+ 36. Ke2 h6 37.
Bb5 Nd6 38. Ba6 g4 39. Ke3 gxf3 40. Kxf3 Nf7 41. h4 Nd6 42. Bd3 Nb7 43. Kg4 Nc5 44. Bc2 Ne6 45. Kh5 Kg7 46. Bb3 Nd4 47.
Bd5 Ne2 48. Kg4 Kf6 49. Bc4 Nd4 50. Kh5 Kg7 51. g4 Nf3 52. g5 hxg5 53. hxg5 Nd4 54. g6 Nf3 55. Bd5 Nd4 56. Kg5 e6 57. Bc4 Nf3+ 58.
Kh5 Nd4 59. Ba2 Ne2 60. Kg5 Nf4 61. Bb3 Nxg6 62. Bxe6 Nf4 63. Kf5 Nd3 64. Bc4 Nf2 65.
Kxe5 Nxe4 1/2-1/2

[Event "*** Titled Tuesday Blitz"]
[Site "Chess.com"]
[Date "2021.02.02"]
[Round "3"]
[White "bugsbunny444"]
[Black "Srisshhhtea"]
[Result "0-1"]
[WhiteElo "2611"]
[BlackElo "2436"]
[TimeControl "180+1"]
[EndTime "10:32:12 PST"]
[Termination "Srisshhhtea won by resignation"]

1. Nf3 Nf6 2. c4 c6 3. g3 d5 4. Bg2 dxc4 5. Qc2 b5 6. b3 cxb3 7. axb3 Bb7 8. Ba3 Nbd7 9. d4 a5 10. O-O b4 11. Bb2 e6 12. Nbd2 Be7 13. Nc4 O-O 14.
Ra2 c5 15. Rfa1 Be4 16. Qd1 Nb6 17. Nxa5 Qd5 18. Ne1 Bxg2 19. Nxg2 Rfd8 20. Ne3 Qe4 21. Qc2 cxd4 22. Nc6 dxe3 23. Nxe7+ Kf8 24. Qxe4 exf2+ 25. Kg2 Nxe4 26. Rxa8 Rxa8 27. Rxa8+ Nxa8 28. Nc6 Nc7 29. Nxb4 Nb5 30. Nd3 f1=Q+ 31. Kxf1 Nd2+ 32. Kf2 Nxb3 33. h4 Nd2 34. g4 Nc4 35. Ba1 Nbd6 36. Kf3 f6 37. h5 Kf7 38. Nf4 Nb5 39. Nd3 e5 40. Nf2 Ke6 41. Ne4 Ncd6 42. Ng3 Na3 43. Bb2 Nac4 44.
Ba1 g6 45. hxg6 hxg6 46. Ne4 Nxe4 47. Kxe4 Nd2+ 48. Ke3 Nb3 49. Bb2 f5 50. gxf5+ gxf5 51. Kf3 Nc5 52. Ke3 Ne4 53. Kf3 Nd2+ 54. Ke3 Nc4+ 55. Kd3 Nxb2+ 56. Kc3 Na4+ 57. Kb4 Nb6 0-1